 Dungeon Crawl Stone Soup version 0.30-a0-953-g5f1da4a474 (webtiles) character file.

Game seed: 9737176940046238104

85 cforsyth the Trooper (level 4, -2/38 HPs)
             Began as a Formicid Fighter on Mar 28, 2023.
             Succumbed to a scorpion's poison
             ... on level 3 of the Dungeon.
             The game lasted 00:02:10 (2157 turns).

cforsyth the Trooper (Formicid Fighter)             Turns: 2157, Time: 00:02:11

Health: -2/38      AC:  6    Str: 23    XL:     4   Next: 75%
Magic:  4/4        EV:  9    Int:  7    God:
Gold:   105        SH:  5    Dex: 13    Spells: 3/3 levels left

rFire   . . .      SeeInvis +    a - +0 flail
rCold   . . .      Faith    .    c - +0 buckler
rNeg    . . .      Spirit   .    b - +0 scale mail
rPois   .          Reflect  .    (helmet unavailable)
rElec   .          Rampage  .    (no cloak)
rCorr   .                        (no gloves)
Will    .....                    (no boots) Stlth
                                 (no amulet)
HPRegen 0.26/turn                (no ring)
MPRegen 0.09/turn                (no ring)

@: brilliant, lethally poisoned (-2 -> -17)
A: permanent stasis, dig shafts and tunnels, antennae 3, four strong arms
a: Dig, Shaft Self


You were on level 3 of the Dungeon.
You visited 1 branch of the dungeon, and saw 3 of its levels.

You collected 105 gold pieces.

Inventory:

Hand Weapons
 a - a +0 flail (weapon)
Armour
 b - a +0 scale mail (worn)
 c - a +0 buckler (worn)
Jewellery
 j - a ring of protection from cold
Scrolls
 e - a scroll of summoning {unknown}
 f - a scroll of vulnerability {unknown}
 h - 3 scrolls of identify {unknown}
 i - a scroll of amnesia {unknown}
 l - a scroll of immolation {unknown}
 m - a scroll of fear {unknown}
 o - a scroll of fog {unknown}
 p - a scroll of teleportation {unknown}
Potions
 d - a potion of might
 g - a potion of haste
 k - a potion of brilliance
 n - a potion of flight {unknown}


   Skills:
 + Level 4.6 Fighting
 + Level 3.5 Maces & Flails
 - Level 3.2 Armour
 - Level 4.0 Shields


You had 3 spell levels left.
You didn't know any spells.
Your spell library was empty.

Dungeon Overview and Level Annotations

Branches:
Dungeon (3/15)

Altars:

Shops:
D:1 ?   D:2 =


Innate Abilities, Weirdness & Mutations

You cannot be hasted, slowed, berserked, paralysed or teleported.
You can dig through walls and to a lower floor.
You have a pair of large antennae on your head. (SInv)
Your four strong arms can wield two-handed weapons with a shield.


Message History

The scorpion poisons you!
You hit the scorpion.
The scorpion is moderately wounded.
You feel very sick. The scorpion closely misses you.
You completely miss the scorpion.
The scorpion is moderately wounded.
You feel sick.
The scorpion stings you but does no damage.
You hit the scorpion.
The scorpion is moderately wounded.
You feel sick. The scorpion stings you.
You are more poisoned.
The scorpion poisons you! You block the scorpion's attack.
You closely miss the scorpion.
The scorpion is moderately wounded.
You feel very sick. The scorpion stings you.
You are lethally poisoned!
The scorpion poisons you!
You barely miss the scorpion.
The scorpion is moderately wounded.
You feel extremely sick. The scorpion stings you. x2
* * * LOW HITPOINT WARNING * * *
You are too injured to fight recklessly!
You are too injured to fight recklessly!
You are too injured to fight recklessly!
You are too injured to fight recklessly!
You are too injured to fight recklessly!
You are too injured to fight recklessly!
It was a potion of haste.
Your stasis prevents you from being hasted.
* * * LOW HITPOINT WARNING * * *
You feel very sick. The scorpion stings you.
* * * LOW HITPOINT WARNING * * *
It was a potion of brilliance.
You feel clever all of a sudden.
You die...

#
##..###.###..##
#.8.).#.#.))8.#
#...)#'.'#....#
#....#'.'#....#
#.8...#.#...8.#
##..###.###..##
#####.#.#####
##.## #@# #s#
.#. #.#.# #.#.#
.#!#. ##...
####.


You could see a scorpion.

Vanquished Creatures
  An adder (D:2)
  3 worms
  3 dart slugs (D:1)
  4 orcs (D:3)
  3 bats
  5 endoplasms
  3 giant cockroaches
  2 hobgoblins
  6 jackals (D:2)
  3 quokkas (D:1)
  4 ball pythons
  6 goblins
  4 kobolds
  5 rats
52 creatures vanquished.

Notes
Turn   | Place    | Note
-------+----------+-------------------------------------------
     0 | D:1      | cforsyth the Formicid Fighter began the quest for the Orb.
     0 | D:1      | Reached XP level 1. HP: 18/18 MP: 1/1
   229 | D:1      | Found Hodahof's Magic Scroll Emporium.
   237 | D:1      | Reached XP level 2. HP: 9/24 MP: 2/2
   462 | D:1      | Reached XP level 3. HP: 30/30 MP: 3/3
  1127 | D:2      | Reached XP level 4. HP: 37/37 MP: 4/4
  1161 | D:2      | Found Gilieb's Jewellery Shop.
  2144 | D:3      | Noticed a scorpion
  2157 | D:3      | Succumbed to a scorpion's poison

Illustrated notes

Levels and vault maps discovered:
D:1:      co_arrival_square_in_a_square_in_a_square, layout_loops_ring,
          serial_shops, nicolae_shop_advertising_works
          [nicolae_subvault_shop_adworks]
D:2:      minmay_inner_zag, layout_loops_corners, serial_shops, shop
D:3:      layout_basic, mainiacjoe_overflow_surrounded_room, wad_orctagon

Skill      XL: |  1  2  3 |
---------------+----------+-----
Fighting       | 4 |  4.6
Maces & Flails | 3 |  3.5
Armour         | |  3.2
Shields        | |  4.0

Action                     |  1- 3 |  4- 6 || total
---------------------------+-------+-------++-------
  Melee: Flail             |    97 |    67 ||   164
    Use: Potion            |       |     2 ||     2
 Armour: Scale mail        |    45 |    26 ||    71
  Dodge: Dodged            |    52 |    23 ||    75
  Block: Buckler           |    22 |    15 ||    37

Table legend: (Time is in decaauts)
 A = Elapsed time spent in this place.
 B = Non-inter-level travel time spent in this place.
 C = Inter-level travel time spent in this place.
 D = Time resting spent in this place.
 E = Time spent auto-exploring this place.
 F = Levels seen in this place.
 G = Mean time per level.
                   A        B        C        D        E       F      G
               +--------+--------+--------+--------+--------+-----+--------+
         Total |   2202 |   2155 |     47 |      0 |   1758 |   3 |  734.0 |
       Dungeon |   2202 |   2155 |     47 |      0 |   1758 |   3 |  734.0 |
               +--------+--------+--------+--------+--------+-----+--------+

Top non-repeatable levels by time:
     D:2: 1122 daAuts
     D:1: 739 daAuts
     D:3: 339 daAuts
